 Dungeon Crawl Stone Soup version 0.18.1-8-gdd0e5ea (webtiles) character file.

8 jacquesderrida the Charmwright (level 2, 21/22 HPs)
             Began as a Demonspawn Skald on May 28, 2016.
             Quit the game on level 2 of the Dungeon.
             The game lasted 00:00:42 (423 turns).

jacquesderrida the Charmwright (Demonspawn Skald)    Turns: 423, Time: 00:00:43

Health: 21/22      AC:  3    Str: 12    XL:     2   Next: 0%
Magic:  1/5        EV: 11    Int: 18    God:
Gold:   64         SH:  0    Dex: 12    Spells: 1 memorised, 4 levels left

rFire  . . .     SeeInvis .     a - +0 spear
rCold  . . .     Gourm    .     b - +0 leather armour
rNeg   . . .     Faith    .     (no shield)
rPois  .         Spirit   +     (helmet restricted)
rElec  .         Dismiss  .     (no cloak)
rCorr  .         Reflect  .     (no gloves)
SustAt .         Harm     .     (no boots)
MR     .....                    l - amulet of guardian spirit
Stlth  +.........               (no ring)
                                (no ring)

@: brilliant, not resistant to hostile enchantments, very unstealthy
A: hooves 1, horns 1, sense surroundings 1
a: no special abilities


You were on level 2 of the Dungeon.
You were not hungry.

You visited 1 branch of the dungeon, and saw 2 of its levels.

You collected 64 gold pieces.

Inventory:

Hand Weapons
 a - a +0 spear (weapon)
Armour
 b - a +0 leather armour (worn)
Jewellery
 l - an amulet of guardian spirit (around neck)
Scrolls
 e - a scroll of immolation {unknown}
 h - a scroll of blinking {unknown}
 j - a scroll of identify {unknown}
 m - a scroll of recharging {unknown}
 n - a scroll of fear {unknown}
Potions
 f - a potion of mutation
 i - a potion of brilliance
Books
 c - a book of Battle

   Spells                             Type                      Level
   a - Infusion                       Charms                       1
   b - Shroud of Golubria             Charms/Translocation         2
   c - Song of Slaying                Charms                       2
   d - Spectral Weapon                Hexes/Charms                 3
   e - Regeneration                   Charms/Necromancy            3
Comestibles
 d - a bread ration
 g - a beef jerky


   Skills:
 + Level 2.0 Fighting
 + Level 1.7 Polearms
 + Level 1.0 Armour
 + Level 1.0 Dodging
 + Level 2.1 Spellcasting
 + Level 3.0 Charms


You had 4 spell levels left.
You knew the following spells:

 Your Spells              Type           Power        Failure   Level  Hunger
a - Infusion              Chrm           ###.         1%          1    #......


Dungeon Overview and Level Annotations

Branches:
Dungeon (2/15)

Altars:


Innate Abilities, Weirdness & Mutations

You have a pair of small horns on your head.
You have large cloven feet.
You passively map a small area around you.


Message History

The jackal closely misses you. The jackal bites you.
* * * LOW HITPOINT WARNING * * *
Drink which item? (? for menu, Esc to quit)
You feel much better.
The jackal bites you but does no damage.
You hit the jackal. You kick the jackal, but do no damage.
The jackal is almost dead.
The jackal closely misses you. The jackal barely misses you.
You barely miss the jackal. Your kick misses the jackal.
The jackal is almost dead.
The jackal bites you but does no damage.
You hit the jackal.
You kill the jackal!
Your Charms skill increases to level 3!
You have reached level 2!
Your demonic ancestry asserts itself...
A pair of horns grows on your head! The bat hits you.
The bat closely misses you.
Are you sure you want to abandon this character and quit the game? (Confirm with "yes".)

#......... #..........#
#..........* #........!
#......... * ,
####.........
#............,
#...#.##.### ,
####......#@#**###.
#####.......#.#b##.....
* #.......<.....Jhh..#*
..##.######..##.#..# **
** *,.. * ##..#.##....
, .. ##...# ##### * ,
##.=# , * #..# #...


You could see an ooze, 2 jackals and a bat.

Vanquished Creatures
  A hobgoblin (D:1)
  A jackal (D:2)
  A quokka (D:2)
  A bat (D:1)
  A giant newt (D:1)
  A goblin (D:2)
  A kobold (D:1)
  2 rats (D:1)
9 creatures vanquished.

Notes
Turn   | Place    | Note
--------------------------------------------------------------
     0 | D:1      | jacquesderrida the Demonspawn Skald began the quest for the Orb.
     0 | D:1      | Reached XP level 1. HP: 16/16 MP: 3/3
   373 | D:1      | Reached skill level 1 in Armour
   405 | D:2      | Gained mutation: You passively map a small area around you. [potion of mutation]
   405 | D:2      | Gained mutation: You have large cloven feet. [potion of mutation]
   414 | D:2      | Reached skill level 1 in Dodging
   422 | D:2      | Reached skill level 3 in Charms
   422 | D:2      | Gained mutation: You have a pair of small horns on your head. [demonic ancestry]
   422 | D:2      | Reached XP level 2. HP: 22/22 MP: 1/5
   423 | D:2      | Quit the game

Skill      XL: |  1 |
---------------+----+-----
Armour         | 1 |  1.0
Dodging        | 1 |  1.0
Charms         | 3 |  3.0
Fighting       | |  2.0
Polearms       | |  1.7
Spellcasting   | |  2.1

Action                   || total
-------------------------++-------
Melee: Spear             ||    35
       Kick              ||     4
  Use: Potion            ||     4
Armor: Leather armour    ||    20
Dodge: Dodged            ||    46
